 Seeded DCSS version 0.30.1-9-gdf580d7c3d (webtiles) character file.

Game seed: 920673320228942481 (custom seed)

505 Psyclone the Destroyer (level 7, -9/41 HPs)
             Began as an Octopode Conjurer on Oct 10, 2023.
             Mangled by an orc warrior
             ... wielding a +0 battleaxe
              (12 damage)
             ... on level 7 of the Dungeon.
             The game lasted 00:02:48 (1788 turns).

Psyclone the Destroyer (Octopode Conjurer)          Turns: 1788, Time: 00:02:49

Health: -9/41      AC:  1    Str:  6    XL:     7   Next: 18%
Magic:  1/10       EV: 13    Int: 20    God:
Gold:   4048       SH:  0    Dex: 11    Spells: 5/10 levels left

rFire   + . .        k - staff of fire
rCold   . . .        (no shield)
rNeg    . . .        (helmet restricted)
rPois   .            m - amulet of the acrobat
rElec   .            c - ring of wizardry
rCorr   .            (no ring)
SInv    .            (no ring)
Will    .....        (no ring)
Stlth   +++          (no ring)
HPRegen 0.26/turn    (no ring)
MPRegen 0.12/turn    (no ring)
                     (no ring)

%: acrobat, wizardry (x1)
@: no status effects
A: almost no armour, amphibious, 8 rings, camouflage 1, gelatinous body 1,
(nimble swimmer 1), tentacles, tentacle spike 1, dopey 1, teleportitis 1, wild
magic 1, evolution 1
a: no special abilities


You were on level 7 of the Dungeon.
You visited 1 branch of the dungeon, and saw 7 of its levels.

You collected 4089 gold pieces.
You spent 41 gold pieces at shops.

Inventory:

Magical Staves
 k - a staff of fire (weapon)
Jewellery
 c - a ring of wizardry (left tentacle)
 m - an amulet of the acrobat (around mantle)
Scrolls
 e - a scroll of amnesia {unknown}
 g - a scroll of fear {unknown}
 h - a scroll of identify {unknown}
 o - 2 scrolls of teleportation {unknown}
Potions
 a - a potion of magic
 b - 2 potions of mutation
 d - a potion of lignification {unknown}
 f - 2 potions of degeneration {unknown}
 i - a potion of invisibility {unknown}
 j - a potion of heal wounds {unknown}
 l - 2 potions of curing {unknown}
 n - a potion of ambrosia {unknown}
 p - a potion of might {unknown}


   Skills:
 - Level 2.0 Dodging
 - Level 2.6 Stealth
 - Level 2.0 Spellcasting
 + Level 8.4 Conjurations


You had 5 spell levels left.
You knew the following spells:

 Your Spells              Type           Power      Damage    Failure   Level
a - Magic Dart            Conj           100%       1d8       1%          1
b - Searing Ray           Conj           92%        2d7       1%          2
q - Blink                 Tloc           4%         N/A       13%         2

Your spell library contained the following spells:

 Spells                   Type           Power      Damage    Failure   Level
 Foxfire                  Conj/Fire      100%       2x1d9     1%          1
 Dazzling Flash           Conj/Hex       48%        N/A       5%          3
 Stone Arrow              Conj/Erth      48%        3d10      5%          3
 Sandblast                Erth           4%         2d4       9%          1
 Passwall                 Tmut/Erth      1%         N/A       13%         2
 Fulminant Prism          Conj/Hex       12%        3d8       16%         4
 Iskenderun's Mystic Bla  Conj/Tloc      24%        2d7       16%         4
 Fireball                 Conj/Fire      18%        3d9       36%         5
 Manifold Assault         Tloc           2%         N/A       56%         4
 Starburst                Conj/Fire      18%        6d7       87%         6
 Plasma Beam              Fire/Air       1%         2x1d12    100%        6
 Storm Form               Tmut/Air       1%         N/A       100%        7


Dungeon Overview and Level Annotations

Branches:
Dungeon (7/15) Zot: 26647
 Temple: D:4-7

Altars:
Zin

Shops:
D:3 *:

Annotations:
D:5 Menkaure


Innate Abilities, Weirdness & Mutations

You cannot wear most types of armour.
You are amphibious.
You can wear up to eight rings at the same time.
Your skin changes colour to match your surroundings (Stealth+).
Your rubbery body absorbs attacks. (AC +1, EV +1)
((You are camouflaged when in or above water. (Stealth+)))
You have tentacles for arms and can constrict up to eight enemies at once.
One of your tentacles bears a spike.
You are dopey. (Int -2)
You are occasionally teleported next to monsters.
Your spells are a little harder to cast, but a little more powerful.
You have hidden genetic potential.


Message History

You now have 2/10 mp.
The searing ray hits the bullfrog!
You kill the bullfrog!
The searing ray hits the orc warrior but does no damage.
The orc warrior is severely wounded.
You finish channelling your searing ray.
The orc warrior shoots a bolt.
The bolt completely misses you.
You now have 1/10 mp.
Casting: Searing Ray (safe; 1% risk of failure)
Confirm with . or Enter, or press ? or * to list all spells.
You don't have enough magic to cast this spell.
Casting: Searing Ray (safe; 1% risk of failure)
Confirm with . or Enter, or press ? or * to list all spells.
Aiming: Magic Dart (safe; 1% risk of failure)
Press: ? - help, Shift-Dir - straight line, f - orc warrior
Aim: an orc warrior, wielding a +0 arbalest and wearing a +0 plate armour (severely wounded, 100% to hit)
The magic dart hits the orc warrior but does no damage.
The orc warrior is severely wounded.
The orc warrior shoots a bolt.
The bolt hits you!
You take 14 damage, and have 22/41 hp.
MASSIVE DAMAGE!!
You now have 0/10 mp.
The orc warrior unwields a +0 arbalest.
The orc warrior wields a +0 battleaxe.
The orc warrior misses you.
You hit the orc warrior but do no damage.
You grab the orc warrior.
The orc warrior is severely wounded.
You constrict the orc warrior, but do no damage.
The orc warrior closely misses you.
You hit the orc warrior but do no damage.
You pierce the orc warrior, but do no damage.
The orc warrior is heavily wounded.
You constrict the orc warrior, but do no damage.
The orc warrior misses you.
The orc warrior hits you with a +0 battleaxe!!
* * * LOW HITPOINT WARNING * * *
You take 20 damage, and have 3/41 hp.
MASSIVE DAMAGE!!
You hit the orc warrior.
The orc warrior is severely wounded.
You constrict the orc warrior, but do no damage.
The orc warrior hits you with a +0 battleaxe!
You die...

########
#......#
######......####
#...@o)..)......
#.####......###.
#.# #......# #.#
#.:....# #.#
#......# #.#
#......# #.#
######## #.# #.#


You could see an orc warrior.

Vanquished Creatures
  A steam dragon (D:7)
  A sky beast (D:7)
  Blork the orc (D:4)
  A bullfrog (D:7)
  A scorpion (D:5)
  A hound (D:4)
  An adder (D:4)
  A white imp (D:7)
  A worm (D:3)
  2 dart slugs
  6 orcs
  2 endoplasms
  A quokka (D:4)
  6 ball pythons
  A bat (D:3)
  2 kobolds (D:3)
  3 rats
32 creatures vanquished.

Notes
Turn   | Place    | Note
-------+----------+-------------------------------------------
     0 | D:1      | Psyclone the Octopode Conjurer began the quest for the Orb.
     0 | D:1      | Reached XP level 1. HP: 11/11 MP: 3/3
   285 | D:1      | Identified 3 scrolls of acquirement
   285 | D:1      | Acquired 1312 gold pieces
   293 | D:1      | Acquired 1281 gold pieces
   308 | D:1      | Acquired 1321 gold pieces
   336 | D:2      | Reached XP level 2. HP: 17/17 MP: 0/5
   537 | D:3      | Learned a level 2 spell: Searing Ray
   698 | D:3      | Found Xyxiz's Assorted Antiques.
   709 | D:3      | Bought 2 fizzy ruby potions for 41 gold pieces
   766 | D:3      | Found Rylak's Book Boutique.
   817 | D:3      | Gained mutation: You are dopey. (Int -2) [potion of
                  | mutation]
   817 | D:3      | Gained mutation: You are occasionally teleported next to
                  | monsters. [potion of mutation]
   817 | D:3      | Gained mutation: One of your tentacles bears a spike.
                  | [potion of mutation]
   817 | D:3      | Gained mutation: You have hidden genetic potential. [potion
                  | of mutation]
   885 | D:4      | Reached skill level 5 in Conjurations
   885 | D:4      | Reached XP level 3. HP: 15/21 MP: 0/6
   902 | D:4      | Gained mutation: You have great hidden genetic potential.
                  | [hidden potential]
  1003 | D:4      | Noticed Blork the orc
  1015 | D:4      | Killed Blork the orc
  1016 | D:4      | Reached skill level 6 in Conjurations
  1016 | D:4      | Reached XP level 4. HP: 9/27 MP: 0/7
  1016 | D:4      | Reached XP level 5. HP: 10/31 MP: 0/8
  1028 | D:4      | Gained mutation: Your spells are a little harder to cast,
                  | but a little more powerful. [hidden potential]
  1028 | D:4      | Lost mutation: You have great hidden genetic potential.
                  | [hidden potential expressed]
  1276 | D:4      | Learned a level 2 spell: Blink
  1315 | D:5      | Entered Level 5 of the Dungeon
  1411 | D:5      | Noticed Menkaure
  1432 | D:6      | Noticed a phantom
  1435 | D:6      | Noticed a centaur
  1551 | D:7      | Noticed a steam dragon
  1557 | D:7      | Killed a steam dragon
  1558 | D:7      | Reached skill level 7 in Conjurations
  1558 | D:7      | Reached XP level 6. HP: 22/36 MP: 0/9
  1561 | D:7      | Noticed a sky beast
  1647 | D:7      | Found a glowing silver altar of Zin.
  1682 | D:7      | Killed a sky beast
  1683 | D:7      | Reached skill level 8 in Conjurations
  1683 | D:7      | Reached XP level 7. HP: 29/41 MP: 2/10
  1788 | D:7      | Mangled by an orc warrior

Illustrated notes

Levels and vault maps discovered:
D:1:      dpeg_arrival_orchard, layout_basic
D:2:      layout_loops_corners, uniq_natasha, uniq_crazy_yiuf_cottage
D:3:      layout_basic, serial_shops, nicolae_shop_stone, shop
D:4:      layout_basic, nicolae_figureground_sparkle, uniq_sigmund, uniq_robin,
          uniq_blork_the_orc
D:5:      layout_cave_pools, nicolae_ru_path_of_blood, minmay_quadrilaterals,
          uniq_menkaure, uniq_ijyb
D:6:      cheibrodos_barr_body, layout_rooms, lemuel_doored_altar,
          minmay_temple_entry_large_hall, hangedman_decor_growths,
          minmay_fractal_squares_gapless_5
D:7:      layout_basic, mainiacjoe_overflow_big_doors, lemuel_tele_altar,
          zin_scriptorium, nicolae_figureground_pulse, uniq_duvessa

Skill      XL: |  1  2  3  4  5  6 |
---------------+-------------------+-----
Conjurations   | 5 6 7 8 |  8.4
Dodging        | |  2.0
Stealth        | |  2.6
Spellcasting   | |  2.0

Action                     |  1- 3 |  4- 6 |  7- 9 || total
---------------------------+-------+-------+-------++-------
  Melee: Unarmed           |     2 |       |       ||     2
         Tentacles         |     2 |       |       ||     2
         Staff             |     2 |       |     3 ||     5
         Constrict         |     1 |       |     1 ||     2
         Kick              |       |       |     1 ||     1
   Cast: Magic Dart        |    24 |    13 |     1 ||    38
         Searing Ray       |     3 |     8 |     2 ||    13
    Use: Scroll            |     3 |       |       ||     3
         Potion            |     1 |       |       ||     1
  Dodge: Dodged            |     4 |     5 |    14 ||    23
